 Dungeon Crawl Stone Soup version 0.29.1-1-gd02db6906a (webtiles) character file.

Game seed: 7041697735947898706

3 112233 the Conjurer (level 1, 0/13 HPs)
             Began as a Demonspawn Conjurer on Oct 10, 2022.
             Slain by a bat (1 damage)
             ... on level 1 of the Dungeon.
             The game lasted 00:00:39 (139 turns).

112233 the Conjurer (Demonspawn Conjurer)            Turns: 139, Time: 00:00:39

Health: 0/13       AC:  2    Str:  7    XL:     1   Next: 41%
Magic:  0/3        EV: 12    Int: 25    God:
Gold:   0          SH:  0    Dex: 11    Spells: 3/4 levels left

rFire   . . .      SeeInvis .   (no weapon)
rCold   . . .      Faith    .   (no shield)
rNeg    . . .      Spirit   .   a - +0 robe
rPois   .          Reflect  .   (no helmet)
rElec   .          Harm     .   (no cloak)
rCorr   .          Rampage  .   (no gloves)
Will    .....                   (no boots)
Stlth   ++........              (no amulet)
HPRegen 0.04/turn               d - +6 ring of intelligence
MPRegen 0.08/turn               (no ring)

@: attractive
A: no striking features
a: no special abilities


You were on level 1 of the Dungeon.
You visited 1 branch of the dungeon, and saw 1 of its levels.

Inventory:

Armour
 a - a +0 robe (worn)
Jewellery
 d - a +6 ring of intelligence (left hand)


   Skills:
 + Level 0.3 Fighting
 + Level 1.9 Dodging
 - Level 1.7 Stealth
 + Level 2.1 Spellcasting
 - Level 4.0 Conjurations


You had 3 spell levels left.
You knew the following spells:

 Your Spells              Type           Power      Damage    Failure   Level
a - Magic Dart            Conj           88%        1d7       2%          1

Your spell library contained the following spells:

 Spells                   Type           Power      Damage    Failure   Level
 Searing Ray              Conj           44%        2d6       3%          2
 Dazzling Flash           Conj/Hex       24%        N/A       14%         3
 Fulminant Prism          Conj/Hex       6%         3d7       43%         4
 Iskenderun's Mystic Bla  Conj/Tloc      12%        2d5       43%         4


Dungeon Overview and Level Annotations

Branches:
Dungeon (1/15)

Altars:


Message History

Press: ? - help, Dir - move target, f/p - bat
Aim: a bat (moderately wounded, about 63% to evade your hands)
Okay, then.
Really walk into that dispersal trap?
You enter a dispersal trap!
The bat blinks! x2; You blink.
The bat is attracted toward you.
Unknown command.
The bat hits you.
* * * LOW HITPOINT WARNING * * *
Really walk into that dispersal trap?
You enter a dispersal trap!
The bat blinks! x2; You blink.
The bat is attracted toward you.
Unknown command.
The bat hits you but does no damage.
Your magical contamination has completely faded away.
The bat is attracted toward you.
Casting: Magic Dart (safe; 2% risk of failure)
Confirm with . or Enter, or press ? or * to list all spells.
Aiming: Magic Dart (safe; 2% risk of failure)
Press: ? - help, Shift-Dir - straight line, f/p - bat
Aim: a bat (100% to hit)
The magic dart hits the bat.
The bat is moderately wounded.
The bat hits you.
* * * LOW HITPOINT WARNING * * *
Really walk into that dispersal trap?
The bat attacks as you move away! The bat barely misses you.
You enter a dispersal trap!
The bat blinks! x2; You blink.
The bat hits you but does no damage.
Unknown command.
The bat barely misses you. The bat hits you but does no damage.
The bat closely misses you. The bat attacks as you move away!
The bat completely misses you. The bat closely misses you.
The bat is attracted toward you.
You hit the bat.
The bat is moderately wounded.
The bat hits you but does no damage. The bat is attracted toward you.
Unknown command.
The bat attacks as you move away! The bat hits you.
You die...

####### #.....# #...#
.....+..#.§...# #.#.#
#######.......###.#.#
..P.P####....§#...#.######
..P.P# #.....†.###......#
..PP## ##.....##########.#
.PP###.........§§# #.#
PP## #.#####.###b#######.#
### #.#...... #@#.......#
.# #.#..####.#.#.#######
.# ##...# .#.#.#....# .#
#..#.# #.#.#.##.# .#
#..#.#######.#.#..#.#
.####..#.#...........##.#
.#.....#.........#......##
.#.##......#.#####.......#
.#.##......#.....#.#####.#


You could see a bat.

Vanquished Creatures
  A quokka (D:1)
  2 frilled lizards (D:1)
  A rat (D:1)
4 creatures vanquished.

Notes
Turn   | Place    | Note
-------+----------+-------------------------------------------
     0 | D:1      | 112233 the Demonspawn Conjurer began the quest for the Orb.
     0 | D:1      | Reached XP level 1. HP: 13/13 MP: 3/3
   139 | D:1      | Slain by a bat

Illustrated notes

Levels and vault maps discovered:
D:1:      psy_arrival_terrarium, layout_basic

Action                   || total
-------------------------++-------
Melee: Unarmed           ||     3
 Cast: Magic Dart        ||     8
  Use: Potion            ||     2
Armor: Robe              ||     5
Dodge: Dodged            ||    10
